 Dungeon Crawl Stone Soup version 0.29.1-15-g9cfb28693d (webtiles) character file.

Game seed: 9821558889957002510

51 raph the Poker (level 3, 0/27 HPs)
             Began as a Merfolk Gladiator on Mar 30, 2023.
             Killed from afar by Natasha (5 damage)
             ... with a magic dart
             ... on level 1 of the Dungeon.
             The game lasted 00:01:42 (1531 turns).

raph the Poker (Merfolk Gladiator)                  Turns: 1531, Time: 00:01:43

Health: 0/27       AC:  7    Str: 14    XL:     3   Next: 83%
Magic:  3/3        EV: 13    Int:  7    God:
Gold:   84         SH:  0    Dex: 17    Spells: 2/2 levels left

rFire   . . .      SeeInvis .   a - +0 trident
rCold   . . .      Faith    .   (no shield)
rNeg    . . .      Spirit   .   b - +0 leather armour
rPois   .          Reflect  .   c - +0 helmet
rElec   .          Harm     .   f - +0 cloak
rCorr   .          Rampage  .   n - +0 pair of gloves
Will    .....                   m - +0 pair of boots
Stlth   +.........              (no amulet)
HPRegen 0.09/turn               (no ring)
MPRegen 0.08/turn               (no ring)

@: slowed, very slow
A: (nimble swimmer 2), mertail
a: no special abilities


You were on level 1 of the Dungeon.
You visited 1 branch of the dungeon, and saw 2 of its levels.

You collected 84 gold pieces.

Inventory:

Hand Weapons
 a - a +0 trident (weapon)
Missiles
 d - a throwing net (quivered)
 e - a javelin
Armour
 b - a +0 leather armour (worn)
 c - a +0 helmet (worn)
 f - a +0 cloak (worn)
 m - a +0 pair of boots (worn)
 n - a +0 pair of gloves (worn)
Scrolls
 j - a scroll of teleportation {unknown}
 l - a scroll of fear {unknown}
Potions
 g - 2 potions of haste {unknown}
 h - 2 potions of attraction {unknown}
 k - a potion of degeneration {unknown}


   Skills:
 - Level 2.1 Fighting
 + Level 6.2 Polearms
 - Level 2.0 Throwing
 - Level 4.0 Dodging


You had 2 spell levels left.
You didn't know any spells.
Your spell library was empty.

Dungeon Overview and Level Annotations

Branches:
Dungeon (2/15)

Altars:

Annotations:
D:1 Natasha


Innate Abilities, Weirdness & Mutations

((You are very nimble when in or above water. (Stealth+, EV+, Speed+++)))
Your lower body shifts to a powerful aquatic tail in water.


Message History

Natasha is caught in the net!
Natasha is moderately wounded.
Natasha struggles against the net.
Natasha struggles against the net. x2
Natasha casts a spell.
Natasha stares at you and mumbles some strange words.
You resist with significant effort.
Found a short sword.
There is a stone staircase leading up here.
Throw: 2 throwing nets
Press: ? - help, Q - select action, (/) - cycle Shift-Dir - straight line, f/p - Natasha
Aim: Natasha (moderately wounded, 55% to hit)
You throw a throwing net. The throwing net hits Natasha.
Natasha is caught in the net!
Natasha is moderately wounded.
Natasha struggles against the net.
Natasha struggles against the net. x2
Natasha struggles against the net.
You see here 6 stones.
The shadow imp gestures at you. Pain shoots through your body!
* * * LOW HITPOINT WARNING * * *
Natasha struggles against the net.
The net rips apart, and Natasha comes free!
Natasha stares at you and mumbles some strange words.
You feel yourself slow down.
The shadow imp disappears in a puff of smoke!
Natasha stares at you and mumbles some strange words.
You feel as though you will be slow longer.
There is a stone staircase leading up here.
Natasha barely misses you. x2
You climb upwards.
There is a stone staircase leading down here.
Blink to where?
Press: ? - help, Dir - move target
As you read the scroll labelled NISAHO BUR ATOUKA, it crumbles to dust.
It was a scroll of blinking.
Natasha stares at you and mumbles some strange words.
The magic dart hits you.
You die...

###.# ♣... ....# ##..♣ ##..#
#..♣♣ ##..### ####..# ......#
##.'...~ ##..#.# ##### #..#####
##..#.#######...# #.###.#
.#..............##### #.# #.#
...##...........@...# #.# #.#
................#.#.## #.# #.#
...####.##..#...#.[..## #.# #.#
.#.......#......#...h.####.# #(#
.######..#...###.###......[###.#
.....##.........#.....#........#
.###.##..#..###.#..h§##.##.#####
.###.##.........#...()..##.#
.##.................######.#


You could see Natasha.

Vanquished Creatures
  2 adders (D:2)
  A dart slug (D:1)
  4 ball pythons
  3 endoplasms (D:1)
  2 giant cockroaches
  3 goblins
  2 hobgoblins (D:2)
  A quokka (D:2)
  6 bats
  4 kobolds
  2 rats (D:2)
30 creatures vanquished.

Notes
Turn   | Place    | Note
-------+----------+-------------------------------------------
     0 | D:1      | raph the Merfolk Gladiator began the quest for the Orb.
     0 | D:1      | Reached XP level 1. HP: 16/16 MP: 1/1
   105 | D:1      | Reached XP level 2. HP: 11/22 MP: 2/2
   655 | D:1      | Reached skill level 5 in Polearms
  1251 | D:2      | Reached XP level 3. HP: 27/27 MP: 3/3
  1357 | D:2      | Reached skill level 6 in Polearms
  1465 | D:2      | Noticed Natasha
  1531 | D:1      | Killed from afar by Natasha

Illustrated notes

Levels and vault maps discovered:
D:1:      tarquinn_simple_flora_water_b, layout_loops_ring
D:2:      layout_rooms, uniq_natasha

Skill      XL: |  1  2  3 |
---------------+----------+-----
Polearms       | 5 6 |  6.2
Fighting       | |  2.1
Throwing       | |  2.0
Dodging        | |  4.0

Action                   || total
-------------------------++-------
Melee: Trident           ||   110
       Punch             ||     1
Throw: Throwing net      ||     2
  Use: Scroll            ||     1
Armor: Leather armour    ||    28
Dodge: Dodged            ||    67
